 Dungeon Crawl Stone Soup version 0.22-a0-402-ga933591 (webtiles) character file.

128233 Borgoz the Warrior (level 17, -10/115 HPs)
             Began as a Gargoyle Fighter on May 7, 2018.
             Was the Champion of Ashenzari.
             Killed from afar by Asterion (53 damage)
             ... with a fireball
             ... on level 1 of the Elven Halls.
             The game lasted 00:59:36 (26337 turns).

Borgoz the Warrior (Gargoyle Fighter)              Turns: 26337, Time: 00:59:36

Health: -10/115    AC: 37    Str: 29    XL:     17   Next: 2%
Magic:  17/17      EV:  8    Int: 11    God:    Ashenzari [******]
Gold:   2265       SH: 11    Dex: 18    Spells: 16/16 levels left

rFire    . . .     SeeInvis +   b - +8 mithril axe "Arga" {speed, MR+}
rCold    + + +     Gourm    .   T - +2 buckler {rF+}
rNeg     + + .     Faith    .   I - +2 plate armour of the Garden {rC++ rN+ Str+4} (curse)
rPois    ∞         Spirit   .   (no helmet)
rElec    +         Reflect  .   G - +0 cloak of Tempters {Slay+3}
rCorr    .         Harm     .   p - +2 pair of gloves
MR       ++...     Clarity  +   (no boots)
Stlth    ..........             y - amulet of regeneration (curse)
HPRegen  0.69/turn              v - +4 ring of dexterity (curse)
MPRegen  0.15/turn              i - ring of ice

@: mighty, drained
A: big wings, negative energy resistance 1, electricity resistance, unbreathing,
petrification resistance, rot immunity, AC +12
a: Fly, Curse Item, Scrying, Transfer Knowledge, Renounce Religion


You were on level 1 of the Elven Halls.
You worshipped Ashenzari.
Ashenzari was exalted by your worship.
You were not hungry.

You visited 5 branches of the dungeon, and saw 25 of its levels.

You collected 2625 gold pieces.
You spent 360 gold pieces at shops.

Inventory:

Hand Weapons
 a - a +2 mace of draining
 b - the +8 mithril axe "Arga" (weapon) {speed, MR+}
   (You found it on level 10 of the Dungeon)

   Attacks with this weapon are significantly faster.
   It affects your resistance to hostile enchantments.
Armour
 c - a +0 shield
 j - the cursed +1 ring mail of Hangman {-Cast rF++ MP+9 Str+4}
   (You took it off an orc on level 10 of the Dungeon)

   It affects your strength (+4).
   It greatly protects you from fire.
   It affects your magic capacity (+9).
   It prevents spellcasting.
   It has a curse placed upon it.
 k - a +2 plate armour of fire resistance
 p - a +2 pair of gloves (worn)
 G - the +0 cloak of Tempters (worn) {Slay+3}
   (You found it on level 14 of the Dungeon)

   It affects your accuracy and damage with ranged weapons and melee attacks
   (+3).
 I - the cursed +2 plate armour of the Garden (worn) {rC++ rN+ Str+4}
   (You found it on level 4 of the Lair of Beasts)

   It affects your strength (+4).
   It greatly protects you from cold.
   It protects you from negative energy.
   It has a curse placed upon it.
 T - a +2 buckler of fire resistance (worn)
Jewellery
 i - a ring of ice (right hand)
 m - an uncursed amulet of the gourmand
 v - a cursed +4 ring of dexterity (left hand)
 y - a cursed amulet of regeneration (around neck)
 N - a +3 ring of evasion
Wands
 n - a wand of acid (4)
 J - a wand of scattershot (6)
 M - a wand of iceblast (12)
 O - a wand of polymorph (6)
 R - a wand of paralysis (10)
 U - a wand of disintegration (14)
Scrolls
 d - a scroll of summoning {unknown}
 g - 5 scrolls of magic mapping
 h - 4 scrolls of blinking
 l - 2 scrolls of silence {unknown}
 q - 7 scrolls of fear
 s - a scroll of amnesia
 t - 3 scrolls of enchant armour {unknown}
 u - 11 scrolls of teleportation
 w - 3 scrolls of noise {unknown}
 z - 3 scrolls of enchant weapon {unknown}
 A - a scroll of vulnerability {unknown}
 D - 4 scrolls of remove curse
 F - 4 scrolls of fog
 K - 2 scrolls of immolation {unknown}
 L - a scroll of random uselessness {unknown}
Potions
 e - 2 potions of might
 o - 2 potions of cancellation
 r - 8 potions of curing
 x - 4 potions of heal wounds
 B - 3 potions of haste
 E - 5 potions of lignification
 H - 3 potions of agility
Comestibles
 f - 57 rations
 C - 3 chunks of flesh


   Skills:
 + Level 16.2(16.0) Fighting
 + Level 11.7(12.5) Axes
 - Level 8.7(11.7) Maces & Flails
 + Level 16.2(16.0) Armour
 + Level 16.1(16.0) Shields


You had 16 spell levels left.
You didn't know any spells.

Dungeon Overview and Level Annotations

Branches:
Dungeon (15/15)            Temple (1/1) D:6            Lair (6/6) D:10
  Swamp (0/4) Lair:2       Spider (0/4) Lair:2        Slime (0/5) Lair:6
    Orc (2/2) D:11            Elf (1/3) Orc:2        Vaults (0/5) D:13
 Depths (0/5) D:15

Altars:
Ashenzari
Cheibriados
Dithmenos
Elyvilon
Gozag
Hepliaklqana
Kikubaaqudgha
Makhleb
Nemelex Xobeh
Okawaru
Qazlal
Ru
Sif Muna
Trog
Uskayaw
Vehumet
Wu Jian
Xom
Yredelemnul
Zin
The Shining One
Beogh

Shops:
D:7 =   D:12 }   Orc:2 }[*%

Annotations:
Lair:6 exclusion: 3 oklob plants
Elf:1 Asterion


Innate Abilities, Weirdness & Mutations

You are resistant to torment.
Your stone body is resilient. (AC +12)
You are immune to poison.
Your large and strong wings let you fly indefinitely.
You resist negative energy. (rN+)
You are resistant to electric shocks. (rElec)
You can survive without breathing.
You are immune to petrification.
You are immune to rotting.


Message History

You block Asterion's attack. x2
You slice Asterion!!
Asterion is severely wounded.
Asterion conjures a destructive force in the name of Makhleb!
The bolt of negative energy hits you! You partially resist.
You feel drained. Asterion blocks your attack.
Asterion is severely wounded.
You block Asterion's attack. Asterion gores you but does no damage.
Asterion blocks your attack.
Asterion is severely wounded.
Asterion hits you with a demon blade of electrocution!
You block Asterion's attack. Asterion blocks your attack.
Asterion is severely wounded.
You block Asterion's attack. Asterion gores you but does no damage.
You slice Asterion!!
Asterion is almost dead.
Asterion conjures a destructive force in the name of Makhleb!
The fireball explodes!
The fireball engulfs you!
You die...

.#........#..# #..# *,
,* ....##...#..## #..#
,, ..##..#..#..####..#
*,,,
.#....#.#.........# ,
, .#.#.#..#..#####..#
, , , #)...#.##..# ,
** ,,, ...##..##''#
##++## ,,,
###.........###....##
* * ,
#......(.....#..@H..#
,
+....................#
* ,
#....................#
* ,
####''#...>.........##
* ,
***#..#.....#......##
*,, ,...'....###....##
,>, , ,...'...##
##..## * , ** * , *
#### * , ** *


You could see Asterion.

Vanquished Creatures
  Rupert (D:12)
  Kirke (Lair:6)
  Frances (D:14)
  3 orc warlords (Orc:1)
  A deep elf demonologist (Elf:1)
  An ettin (Orc:1)
  Snorg (D:11)
  A yaktaur captain (D:15)
  An ogre mage (D:15)
  Fannar (Lair:2)
  3 hydras
  An ice dragon (D:13)
  2 catoblepae
  3 centaur warriors
  4 dancing weapons (Elf:1)
  3 tengu warriors
  12 two-headed ogres
  9 death yaks
  An orc high priest (Orc:1)
  Nergalle (D:11)
  4 deep elf knights (Elf:1)
  3 skeletal warriors (D:15)
  An unseen horror (D:13)
  A death drake (shapeshifter) (D:13)
  A deep elf archer (Elf:1)
  14 orc knights
  7 ugly things
  A manticore (D:13)
  3 orc sorcerers
  5 deep elf magi
  9 elephants
  8 cyclopes
  Maurice (D:12)
  5 black mambas
  Joseph (Lair:1)
  A gargoyle (D:13)
  16 spiny frogs
  5 rime drakes
  10 komodo dragons
  A yaktaur (D:15)
  An efreet (D:12)
  2 tengu conjurers
  7 jumping spiders (Lair:2)
  7 trolls
  3 meliai (D:15)
  A tyrant leech (Lair:2)
  5 polar bears (Lair:6)
  6 hornets
  19 slime creatures
  6 dream sheep (Lair:6)
  33 blink frogs
  10 hippogriffs
  3 air elementals (Elf:1)
  A wyvern (D:10)
  2 redbacks (Lair:2)
  13 spriggans (Lair:6)
  A water elemental (Elf:1)
  4 basilisks
  48 yaks
  A hog (shapeshifter) (D:13)
  A human (D:7)
  A steam dragon (D:9)
  A wraith (D:12)
  2 fire elementals (Elf:1)
  7 hogs
  2 hungry ghosts
  19 wargs
  An acid dragon (D:13)
  8 water moccasins
  10 porcupines
  2 black bears (Lair:6)
  57 orc warriors
  3 sky beasts
  A necrophage (D:12)
  3 ice beasts
  An eye of draining (D:14)
  12 ogres
  4 boggarts (Lair:6)
  14 wolves (Lair:6)
  14 centaurs
  3 phantoms
  2 big kobolds
  13 crocodiles
  11 bullfrogs
  A wyvern zombie (D:14)
  5 scorpions
  19 wights
  A howler monkey (D:4)
  An electric eel (Lair:3)
  8 centaur zombies
  8 crimson imps
  2 bullfrog zombies
  A quasit (D:10)
  3 hounds
  3 jellies
  20 orc priests
  2 bullfrog skeletons (D:4)
  13 centaur skeletons
  An iguana (D:13)
  19 orc wizards
  7 hell rats (Lair:6)
  17 worker ants
  A hound zombie (D:6)
  A hound skeleton (D:10)
  A worker ant zombie (D:4)
  8 adders
  11 gnolls
  4 shadow imps
  An ooze (D:5)
  4 worms
  A dart slug (D:1)
  8 leopard geckos
  115 orcs
  5 giant cockroaches
  5 goblins
  12 hobgoblins
  4 jackals
  17 kobolds
  5 quokkas
  A ball python skeleton (D:4)
  10 bats
  4 frilled lizards
  7 rats
  A bush (Lair:6)
  A butterfly (D:7)
  4 fungi
  7 plants
882 creatures vanquished.

Vanquished Creatures (others)
  A wight (D:13)
  A howler monkey (D:9)
  23 fungi
  11 plants
36 creatures vanquished.

Grand Total: 918 creatures vanquished

Notes
Turn   | Place    | Note
-------+----------+-------------------------------------------
     0 | D:1      | Borgoz the Gargoyle Fighter began the quest for the Orb.
     0 | D:1      | Reached XP level 1. HP: 14/14 MP: 1/1
     7 | D:1      | Noticed a lindwurm
     7 | D:1      | Noticed a black mamba
     7 | D:1      | Noticed a redback
     7 | D:1      | Noticed a komodo dragon
    46 | D:1      | Reached XP level 2. HP: 19/19 MP: 2/2
   294 | D:1      | Reached XP level 3. HP: 23/23 MP: 3/3
   673 | D:2      | Reached XP level 4. HP: 29/29 MP: 4/4
  1939 | D:3      | Reached XP level 5. HP: 24/33 MP: 5/5
  2289 | D:4      | Reached XP level 6. HP: 15/39 MP: 6/6
  2959 | D:4      | Reached skill level 5 in Fighting
  2959 | D:4      | Reached skill level 5 in Armour
  2959 | D:4      | Reached skill level 5 in Shields
  2969 | D:4      | Reached XP level 7. HP: 42/44 MP: 7/7
  3577 | D:5      | Entered Level 5 of the Dungeon
  3602 | D:5      | Found a basalt altar of Yredelemnul.
  3807 | D:5      | Reached XP level 8. HP: 51/51 MP: 8/8
  4082 | D:5      | HP: 1/51 [orc wizard/magic dart (9)]
  4406 | D:6      | Noticed a yak
  4406 | D:6      | Noticed a yak
  4406 | D:6      | Noticed a yak
  4406 | D:6      | Noticed a yak
  4407 | D:6      | Noticed a yak
  4410 | D:6      | Noticed a yak
  4427 | D:6      | Killed a yak
  4427 | D:6      | Reached skill level 5 in Maces & Flails
  4441 | D:6      | Killed a yak
  4458 | D:5      | Killed a yak
  4669 | D:5      | Killed a yak
  4891 | D:6      | Found a glowing golden altar of the Shining One.
  5275 | D:6      | Killed a yak
  5275 | D:6      | Reached XP level 9. HP: 25/56 MP: 9/9
  5771 | D:6      | Found a staircase to the Ecumenical Temple.
  5778 | Temple   | Entered the Ecumenical Temple
  5881 | Temple   | Became a worshipper of Ashenzari the Shackled
  6827 | D:7      | Reached * piety under Ashenzari
  6827 | D:7      | Found a shimmering altar of Xom.
  6872 | D:7      | Found Jexzoedi's Jewellery Shop.
  7770 | D:8      | Noticed a two-headed ogre
  7776 | D:8      | Killed a two-headed ogre
  7776 | D:8      | Reached XP level 10. HP: 45/65 MP: 10/10
  8873 | D:9      | Noticed a two-headed ogre
  8888 | D:9      | Killed a two-headed ogre
  9079 | D:9      | Noticed a two-headed ogre
  9089 | D:9      | Killed a two-headed ogre
  9294 | D:9      | Reached XP level 11. HP: 61/71 MP: 11/11
  9955 | D:10     | Entered Level 10 of the Dungeon
 10134 | D:10     | Found an iron altar of Okawaru.
 10134 | D:10     | Found the +8 mithril axe "Arga" {speed, MR+}
 10181 | D:10     | Reached ** piety under Ashenzari
 10307 | D:10     | Found a staircase to the Lair.
 10318 | D:10     | Reached skill level 10 in Shields
 10321 | D:10     | Reached skill level 10 in Fighting
 10321 | D:10     | Reached skill level 10 in Armour
 10328 | D:10     | Reached skill level 1 in Axes
 10351 | D:10     | Got the cursed ring mail of Hangman {-Cast rF++ MP+9 Str+4}
 11057 | Lair:1   | Entered Level 1 of the Lair of Beasts
 11608 | Lair:1   | Noticed Joseph
 11624 | Lair:1   | Killed Joseph
 12391 | D:11     | Noticed Nergalle
 12393 | D:11     | Noticed Snorg
 12398 | D:11     | Killed Nergalle
 12408 | D:11     | Killed Snorg
 12408 | D:11     | Reached XP level 12. HP: 79/79 MP: 12/12
 12613 | D:11     | Found a staircase to the Orcish Mines.
 12759 | Orc:1    | Entered Level 1 of the Orcish Mines
 12759 | Orc:1    | Reached *** piety under Ashenzari
 12763 | Orc:1    | Noticed an orc high priest
 12815 | Lair:2   | Noticed Fannar
 12837 | Lair:2   | Killed Fannar
 12953 | Lair:2   | Found a hole to the Spider Nest.
 13261 | Lair:2   | Reached skill level 5 in Axes
 13781 | Lair:2   | Found a staircase to the Swamp.
 14139 | Lair:3   | Reached XP level 13. HP: 86/86 MP: 13/13
 15825 | Lair:4   | Got the uncursed plate armour of the Garden {rC++ rN+ Str+4}
 15836 | Lair:4   | Identified the +2 plate armour of the Garden {rC++ rN+ Str+4} (You found it on level 4 of the Lair of Beasts)
 15838 | Lair:4   | Reached **** piety under Ashenzari
 17022 | Lair:5   | Identified the cursed +1 ring mail of Hangman {-Cast rF++ MP+9 Str+4} (You took it off an orc on level 10 of the Dungeon)
 17270 | Lair:5   | Found a glowing golden altar of the Shining One.
 17534 | Lair:6   | Entered Level 6 of the Lair of Beasts
 17691 | Lair:6   | Gained mutation: Your large and strong wings let you fly indefinitely. [Gargoyle growth]
 17691 | Lair:6   | Reached XP level 14. HP: 94/94 MP: 14/14
 17703 | Lair:6   | Noticed Kirke
 17847 | Lair:6   | Killed Kirke
 17966 | Lair:6   | Found a staircase to the Slime Pits.
 19458 | Lair:1   | Identified the cursed +1 robe of Insatiable Hunger {+Inv rPois}
 19787 | Orc:1    | Reached XP level 15. HP: 99/100 MP: 15/15
 19895 | Orc:1    | Noticed an orc warlord
 19912 | Orc:1    | Killed an orc warlord
 20053 | Orc:1    | Noticed an orc warlord
 20079 | Orc:1    | Noticed an orc warlord
 20320 | Orc:2    | Entered Level 2 of the Orcish Mines
 20354 | Orc:2    | Found a staircase to the Elven Halls.
 20358 | Orc:2    | Reached ***** piety under Ashenzari
 20701 | Orc:2    | Found Imezuut's Food Shoppe.
 20707 | Orc:2    | Found Iritut's Assorted Antiques.
 21413 | Orc:2    | Found Cir Deno's Armour Shoppe.
 21444 | Orc:2    | Found Pommeze's Gadget Shop.
 21517 | Orc:2    | Reached skill level 10 in Axes
 21535 | Orc:2    | Bought a potion of heal wounds for 150 gold pieces
 21535 | Orc:2    | Bought a scroll of remove curse for 90 gold pieces
 21535 | Orc:2    | Bought a potion of might for 120 gold pieces
 21731 | Orc:2    | Found a roughly hewn altar of Beogh.
 21906 | Orc:1    | Killed an orc warlord
 21948 | Orc:1    | Killed an orc warlord
 22117 | Orc:1    | Identified the +4 plate armour "Heaqauxo" {rCorr}
 22314 | D:12     | Found Piudarra's Gadget Emporium.
 22345 | D:12     | Noticed Maurice
 22363 | D:12     | Killed Maurice
 22430 | D:12     | Reached skill level 15 in Fighting
 22439 | D:12     | Reached skill level 15 in Armour
 22600 | D:12     | Reached skill level 15 in Shields
 22848 | D:12     | Noticed Rupert
 22861 | D:12     | Killed Rupert
 23257 | D:13     | Reached XP level 16. HP: 108/108 MP: 16/16
 23687 | D:13     | Found a gate to the Vaults.
 24057 | D:14     | Got the uncursed cloak of Tempters {Slay+3}
 24068 | D:14     | Identified the +0 cloak of Tempters {Slay+3} (You found it on level 14 of the Dungeon)
 24453 | D:14     | Noticed Frances
 24463 | D:14     | Killed Frances
 24709 | D:15     | Entered Level 15 of the Dungeon
 25264 | D:15     | Found a staircase to the Depths.
 25994 | Elf:1    | Entered Level 1 of the Elven Halls
 26005 | Elf:1    | Reached ****** piety under Ashenzari
 26293 | Elf:1    | Identified the ring of Revadgho {+Fly Str-4 Int+5 Dex+5}
 26315 | Elf:1    | Reached XP level 17. HP: 33/115 MP: 17/17
 26321 | Elf:1    | Noticed Asterion
 26324 | Elf:1    | Noticed an Executioner
 26337 | Elf:1    | Killed from afar by Asterion

Vault maps used:
D:1:      onia_arrival_zoo_common
D:3:      kennysheep_generic_room_9
D:4:      cheibrodos_barr_body, first_ration
D:5:      basic_altar, minivault_24
D:6:      lemuel_ice_spiral_2, minmay_temple_entry_hall, tso_metal_star
D:7:      xom_butterflies, serial_shops, shop, grunt_livestock
D:10:     erik_lair_orcish_takeover, corexii_corridor_pit,
          okawaru_ov_weapons_minmay
D:11:     hiddenorc1_lemuel, uniq_nergalle, uniq_snorg
D:12:     serial_shops, shop, serial_park_tiny_1, uniq_maurice, uniq_rupert
D:13:     david_vaults_4, corexii_leaking_fountain
D:14:     minmay_hedge_maze, nicolae_two_hexagons, nrook_mini_backslash,
          uniq_frances
D:15:     grunt_enter_depths_snipers, minivault_26
Temple:   regret_index_temple_sigil_plot
Lair:1:   st_stairs_9, infiniplex_staircase_pool, uniq_joseph
Lair:2:   minmay_swamp_entry_worms, nicolae_spider_entry_tight_spaces,
          lemuel_fruit_tree, uniq_fannar
Lair:3:   beast_lair_carwin_3, serial_bayou_shore_a, grunt_megastairs_4
Lair:4:   serial_bayou_pond_a
Lair:5:   basic_altar
Lair:6:   minmay_lair_end_enchanted_forest, minmay_slime_entry_oklob_open,
          uniq_kirke
Orc:1:    minmay_orc_treasury
Orc:2:    st_orc_town
Elf:1:    infiniplex_enter_wizlab_glasses, minivault_28,
          serial_sigils_hangedman_confine, uniq_asterion

Skill      XL: |  1  2  3  4  5  6  7  8  9 10 11 12 13 14 15 16 |
---------------+-------------------------------------------------+-----
Fighting       | 4 5 6 8 9 10 12 13 14 15 16 | 16.2
Armour         | 4 5 7 8 9 10 12 13 14 15 16 | 16.2
Shields        | 4 5 7 8 9 10 12 13 14 15 16 | 16.1
Maces & Flails | 3 4 5 7 8 |  8.7
Axes           | 3 6 7 9 10 11 | 11.7

Action                   |  1- 3 |  4- 6 |  7- 9 | 10-12 | 13-15 | 16-18 || total
-------------------------+-------+-------+-------+-------+-------+-------++-------
Melee: Flail             |   147 |   243 |   344 |       |       |       ||   734
       Whip              |       |       |   105 |       |       |       ||   105
       Mace              |       |       |     3 |   292 |    19 |       ||   314
       Broad axe         |       |       |       |   490 |  1230 |   491 ||  2211
Invok: Curse Item        |       |       |     2 |       |     2 |       ||     4
Evoke: Wand              |       |       |     3 |     6 |     2 |       ||    11
  Use: Potion            |       |     2 |     5 |     1 |     2 |     2 ||    12
       Scroll            |       |     5 |     2 |     3 |     6 |     5 ||    21
 Stab: Distracted        |       |       |       |       |     1 |       ||     1
       Confused          |       |       |       |       |       |     2 ||     2
  Eat: Chunk             |       |    24 |    16 |    31 |    28 |     6 ||   105
Armor: Scale mail        |   120 |   191 |   220 |    18 |       |       ||   549
       Skin              |       |       |    30 |       |       |       ||    30
       Plate armour      |       |       |       |   333 |   536 |   237 ||  1106
Dodge: Dodged            |    66 |   112 |   144 |   106 |   209 |    91 ||   728
Block: Shield            |   129 |   160 |   268 |   415 |   741 |   230 ||  1943
       Buckler           |       |       |       |       |       |    27 ||    27

Table legend:
 A = Spawn XP
 B = Non-spawn XP
 C = Spawn XP percentage of total XP
 D = Spawn monster count
 E = Non-spawn monster count
 F = Spawn count percentage of total count
 G = Total turns spent on level
                    A         B        C        D         E        F      G
               +---------+---------+-------+---------+---------+-------+---------
         Total |       0 |  183190 |   0.0 |       0 |     870 |   0.0 | 26337
               +---------+---------+-------+---------+---------+-------+---------
           D:1 |       0 |      45 |   0.0 |       0 |      26 |   0.0 |   513
           D:2 |       0 |      82 |   0.0 |       0 |      24 |   0.0 |   939
           D:3 |       0 |      83 |   0.0 |       0 |      17 |   0.0 |   927
           D:4 |       0 |     832 |   0.0 |       0 |      29 |   0.0 |  1198
           D:5 |       0 |     941 |   0.0 |       0 |       9 |   0.0 |  1645
           D:6 |       0 |    1247 |   0.0 |       0 |      28 |   0.0 |   997
           D:7 |       0 |    1242 |   0.0 |       0 |      23 |   0.0 |  1425
           D:8 |       0 |    1437 |   0.0 |       0 |      11 |   0.0 |  1109
           D:9 |       0 |    4598 |   0.0 |       0 |      40 |   0.0 |  1310
          D:10 |       0 |    2751 |   0.0 |       0 |      45 |   0.0 |  1023
          D:11 |       0 |    3829 |   0.0 |       0 |      39 |   0.0 |   703
          D:12 |       0 |   15477 |   0.0 |       0 |      60 |   0.0 |   882
          D:13 |       0 |   11849 |   0.0 |       0 |      41 |   0.0 |   828
          D:14 |       0 |   11496 |   0.0 |       0 |      28 |   0.0 |   785
          D:15 |       0 |   23584 |   0.0 |       0 |      51 |   0.0 |  1226
        Lair:1 |       0 |    2723 |   0.0 |       0 |      11 |   0.0 |  1114
        Lair:2 |       0 |   11272 |   0.0 |       0 |      41 |   0.0 |  1308
        Lair:3 |       0 |    6832 |   0.0 |       0 |      24 |   0.0 |  1496
        Lair:4 |       0 |    7793 |   0.0 |       0 |      32 |   0.0 |  1260
        Lair:5 |       0 |    7518 |   0.0 |       0 |      24 |   0.0 |   870
        Lair:6 |       0 |   31628 |   0.0 |       0 |     101 |   0.0 |  1677
         Orc:1 |       0 |   15122 |   0.0 |       0 |      68 |   0.0 |  1625
         Orc:2 |       0 |   10472 |   0.0 |       0 |      78 |   0.0 |  1014
         Elf:1 |       0 |   10337 |   0.0 |       0 |      20 |   0.0 |   343
               +---------+---------+-------+---------+---------+-------+---------
